 Dungeon Crawl Stone Soup version 0.29.1-1-gd02db69 (webtiles) character file.

Game seed: 17867560740873515403

34 HOAXBANE the Trooper (level 3, 0/29 HPs)
             Began as a Human Fighter on Oct 31, 2022.
             Was a Follower of Vehumet.
             Succumbed to an adder's poison
             ... on level 2 of the Dungeon.
             The game lasted 00:43:28 (1254 turns).

HOAXBANE the Trooper (Human Fighter)                Turns: 1254, Time: 00:43:29

Health: 0/29       AC:  3    Str: 16    XL:     3   Next: 50%
Magic:  3/3        EV: 11    Int: 10    God:    Vehumet [*.....]
Gold:   21         SH:  0    Dex: 12    Spells: 2/3 levels left

rFire   + . .      SeeInvis .   k - +1 dagger (venom)
rCold   + . .      Faith    .   (no shield)
rNeg    . . .      Spirit   .   b - +0 leather armour
rPois   +          Reflect  .   (no helmet)
rElec   +          Harm     .   (no cloak)
rCorr   +          Rampage  .   (no gloves)
Will    .....                   (no boots)
Stlth   +.........              (no amulet)
HPRegen 0.09/turn               (no ring)
MPRegen 0.08/turn               (no ring)

@: lethally poisoned (0 -> -1), about to teleport, resistant, hasted, very quick
A: no striking features
a: Renounce Religion


You were on level 2 of the Dungeon.
You worshipped Vehumet.
Vehumet was aware of your devotion.
You visited 1 branch of the dungeon, and saw 2 of its levels.

You collected 21 gold pieces.

Inventory:

Hand Weapons
 a - a +0 long sword
 k - a +1 dagger of venom (weapon)
Missiles
 g - 15 stones (quivered)
Armour
 b - a +0 leather armour (worn)
Scrolls
 e - a scroll of amnesia
 f - 3 scrolls of teleportation
 i - a scroll of identify {unknown}
 j - a scroll of poison {unknown}
Potions
 d - a potion of might
 l - a potion of brilliance {unknown}


   Skills:
 - Level 3.1 Fighting
 - Level 2.4 Long Blades
 - Level 3.0 Armour
 + Level 1.2 Stealth
 - Level 3.0 Shields
 + Level 0.5 Spellcasting
 + Level 0.7 Conjurations
 * Level 1.1 Air Magic


You had 2 spell levels left.
You knew the following spells:

 Your Spells              Type           Power      Damage    Failure   Level
a - Shock                 Conj/Air       8%         1d3       30%         1

Your spell library contained the following spells:

 Spells                   Type           Power      Damage    Failure   Level
 Ensorcelled Hibernation  Hex/Ice        0%         N/A       54%         2
 Passwall                 Tmut/Erth      0%         N/A       54%         2
 Swiftness                Air            2%         N/A       63%         3


Dungeon Overview and Level Annotations

Branches:
Dungeon (2/15)

Altars:
Sif Muna
Vehumet


Message History

You closely miss the adder.
The adder is heavily wounded.
You feel sick. The adder bites you but does no damage.
You miss the adder.
The adder is heavily wounded.
* * * LOW HITPOINT WARNING * * *
You feel sick. The adder bites you.
* * * LOW HITPOINT WARNING * * *
You completely miss the adder.
The adder is heavily wounded.
* * * LOW HITPOINT WARNING * * *
You feel sick. The adder barely misses you. The adder closely misses you.
You hit the adder.
The adder is almost dead.
* * * LOW HITPOINT WARNING * * *
You feel sick.
You kill the adder!
Vehumet accepts your kill.
Your Air Magic skill increases to level 1!
Casting: Shock (safe; 30% risk of failure)
Confirm with . or Enter, or press ? or * to list all spells.
Okay, then.
Casting: Shock (safe; 30% risk of failure)
Confirm with . or Enter, or press ? or * to list all spells.
Okay, then.
As you read the scroll labelled ELLOT XOPROWA, it crumbles to dust.
You feel strangely unstable.
It was a scroll of teleportation.
* * * LOW HITPOINT WARNING * * *
You feel sick.
As you read the scroll labelled CYQ GAOPTESAD, it crumbles to dust.
It is a scroll of amnesia.
Okay, then.
* * * LOW HITPOINT WARNING * * *
You feel sick.
It was a potion of resistance.
You feel protected.
* * * LOW HITPOINT WARNING * * *
You feel sick.
It was a potion of haste.
You feel yourself speed up.
You die...

#...........#......# #.
#...........#......# #<
##...[.......#......#
#.
#.....<.............#
#.
#........#####........#
## #........#
#.......## #........#
#.......#
......†..########.####
................@..#
..####.##########†.# #.
#..# #..# #..#
.........# ########.#
#.# #.#


There were no monsters in sight!

Vanquished Creatures
  An adder (D:2)
  A dart slug (D:1)
  5 goblins (D:1)
  3 hobgoblins (D:1)
  2 jackals (D:1)
  2 ball pythons
  A bat (D:1)
  4 frilled lizards (D:1)
  2 kobolds (D:1)
  4 rats
25 creatures vanquished.

Notes
Turn   | Place    | Note
-------+----------+-------------------------------------------
     0 | D:1      | HOAXBANE the Human Fighter began the quest for the Orb.
     0 | D:1      | Reached XP level 1. HP: 18/18 MP: 1/1
   106 | D:1      | Reached XP level 2. HP: 16/24 MP: 2/2
   297 | D:1      | Found a faded altar of an unknown god.
   310 | D:1      | Prayed at the altar of an unknown god.
   310 | D:1      | Became a worshipper of Vehumet
   310 | D:1      | Reached * piety under Vehumet
   310 | D:1      | Offered knowledge of Shock by Vehumet.
   333 | D:1      | Learned a level 1 spell: Shock
   518 | D:1      | Reached skill level 1 in Stealth
   815 | D:1      | Reached XP level 3. HP: 22/29 MP: 1/3
  1206 | D:2      | Found a shimmering blue altar of Sif Muna.
  1251 | D:2      | Reached skill level 1 in Air Magic
  1253 | D:2      | HP: 1/29 [poisoned by an adder]
  1254 | D:2      | Succumbed to an adder's poison

Illustrated notes

Levels and vault maps discovered:
D:1:      psy_arrival_radial01, layout_rooms, basic_ecumenical_altar
D:2:      minmay_general_purpose_star, layout_basic, basic_altar

Skill      XL: |  1  2  3 |
---------------+----------+-----
Stealth        | 1 |  1.2
Air Magic      | 1 |  1.1
Fighting       | |  3.1
Long Blades    | |  2.4
Armour         | |  3.0
Shields        | |  3.0
Spellcasting   | |  0.5
Conjurations   | |  0.7

Action                   || total
-------------------------++-------
Melee: Long sword        ||    48
       Dagger            ||     8
Throw: Stone             ||     8
 Cast: Shock             ||    12
  Use: Scroll            ||     2
       Potion            ||     2
Armor: Scale mail        ||     4
       Leather armour    ||     1
Dodge: Dodged            ||    30
